 Dungeon Crawl Stone Soup version 0.20-a0-80-g14a9077 (webtiles) character file.

124 C3l3ry the Conjurer (level 4, -1/27 HPs)
             Began as a High Elf Conjurer on Nov 20, 2016.
             Slain by Grinder (5 damage)
             ... on level 4 of the Dungeon.
             The game lasted 00:17:28 (2523 turns).

C3l3ry the Conjurer (High Elf Conjurer)             Turns: 2523, Time: 00:17:28

Health: -1/27      AC:  3    Str:  7    XL:     4   Next: 81%
Magic:  3/11       EV: 13    Int: 19    God:
Gold:   119        SH:  0    Dex: 16    Spells: 3 memorised, 4 levels left

rFire  . . .     SeeInvis .     y - +0 short sword
rCold  . . .     Gourm    .     a - +0 robe
rNeg   . . .     Faith    .     (no shield)
rPois  .         Spirit   .     (no helmet)
rElec  .         Reflect  .     (no cloak)
rCorr  .         Harm     .     (no gloves)
MR     .....                    q - +0 pair of boots
Stlth  ++........               (no amulet)
                                (no ring)
                                (no ring)

@: no status effects
A: no striking features
a: no special abilities


You were on level 4 of the Dungeon.
You were not hungry.

You visited 1 branch of the dungeon, and saw 4 of its levels.

You collected 119 gold pieces.

Inventory:

Hand Weapons
 g - a +0 dagger
 y - a +0 short sword (weapon)
Armour
 a - a +0 robe (worn)
 q - a +0 pair of boots (worn)
 v - a +0 buckler
Jewellery
 m - an uncursed ring of magical power {unknown}
 A - an uncursed ring of protection from fire {unknown}
Scrolls
 f - 3 scrolls of recharging {unknown}
 j - 2 scrolls of identify {unknown}
 k - 4 scrolls of teleportation {unknown}
 n - a scroll of immolation {unknown}
 r - a scroll of fear {unknown}
 s - a scroll of random uselessness {unknown}
 t - a scroll of remove curse {unknown}
 u - a scroll of magic mapping {unknown}
 w - a scroll of fog {unknown}
 x - a scroll of enchant armour {unknown}
Potions
 d - 3 potions of curing {unknown}
 e - a potion of ambrosia {unknown}
 i - a potion of cancellation {unknown}
 l - 3 potions of agility {unknown}
 o - a potion of berserk rage {unknown}
 p - a potion of invisibility {unknown}
 z - a potion of resistance {unknown}
Books
 b - a book of Conjurations

   Spells                             Type                      Level
   a - Magic Dart                     Conjuration                  1
   b - Searing Ray                    Conjuration                  2
   c - Dazzling Spray                 Conjuration/Hexes            3
   d - Fulminant Prism                Conjuration/Hexes            4
   e - Iskenderun's Mystic Blast      Conjuration                  4
   f - Iskenderun's Battlesphere      Conjuration/Charms           5
Comestibles
 c - 2 bread rations
 h - a slice of pizza
 B - 2 chunks of flesh


   Skills:
 - Level 2.1 Dodging
 - Level 2.1 Stealth
 + Level 4.3 Spellcasting
 + Level 5.7 Conjurations


You had 4 spell levels left.
You knew the following spells:

 Your Spells              Type           Power        Failure   Level  Hunger
a - Magic Dart            Conj           ####         1%          1    None
b - Searing Ray           Conj           ####..       1%          2    #......
c - Iskenderun's Mystic   Conj           ####....     14%         4    ####...


Dungeon Overview and Level Annotations

Branches:
Dungeon (4/15)
 Temple: D:4-7

Altars:
Okawaru

Annotations:
D:4 Grinder


Message History

Press: ? - help, Shift-Dir - straight line, f/p - Grinder
Aim: Grinder (heavily wounded)
The magic dart hits Grinder.
Grinder is severely wounded.
Grinder gestures at you.
You suddenly lose the ability to move!
Grinder hits you.
You writhe in agony.
Grinder hits you!
You writhe in agony.
Grinder hits you.
* * * LOW HITPOINT WARNING * * *
You can move again.
Casting: Magic Dart
Confirm with . or Enter, or press ? or * to list all spells.
Aiming: Searing Ray
Press: ? - help, Shift-Dir - straight line, f/p - Grinder
Aim: Grinder (severely wounded)
The searing ray misses Grinder.
Grinder hits you.
* * * LOW HITPOINT WARNING * * *
You writhe in agony.
You die...

..............
.............
...<........
...........
..........
.........
#.#####......?.
#......@5......
#########......
..... .... ...
.. .


You could see Grinder.

Vanquished Creatures
  Ijyb (D:2)
  5 adders (D:2)
  A worm (D:3)
  A dart slug (D:2)
  A leopard gecko (D:2)
  3 orcs (D:3)
  A ball python (D:3)
  4 bats
  3 giant cockroaches
  5 goblins
  6 hobgoblins
  2 quokkas (D:2)
  6 kobolds
  5 rats
44 creatures vanquished.

Notes
Turn   | Place    | Note
-------+----------+-------------------------------------------
     0 | D:1      | C3l3ry the High Elf Conjurer began the quest for the Orb.
     0 | D:1      | Reached XP level 1. HP: 11/11 MP: 4/4
   889 | D:2      | Reached XP level 2. HP: 17/17 MP: 2/6
  1083 | D:2      | Learned a level 2 spell: Searing Ray
  1109 | D:2      | Reached skill level 5 in Conjurations
  1153 | D:2      | Noticed Ijyb
  1195 | D:2      | Killed Ijyb
  1195 | D:2      | Reached XP level 3. HP: 15/21 MP: 0/9
  1325 | D:2      | Reached XP level 4. HP: 27/27 MP: 1/10
  1403 | D:2      | Learned a level 4 spell: Iskenderun's Mystic Blast
  2034 | D:3      | Found an iron altar of Okawaru.
  2511 | D:4      | Noticed Grinder
  2518 | D:4      | Paralysed by Grinder for 5 turns
  2523 | D:4      | Slain by Grinder

Vault maps used:
D:1:      mrwooster_arrival_arrow
D:2:      uniq_iyjb
D:3:      lemuel_round_altar, minmay_misc_feat_encased
D:4:      uniq_duvessa, uniq_grinder, uniq_menkaure

Skill      XL: |  1  2  3  4 |
---------------+-------------+-----
Spellcasting   | 3 4 |  4.3
Conjurations   | 5 |  5.7
Dodging        | |  2.1
Stealth        | |  2.1

Action                   |  1- 3 |  4- 6 || total
-------------------------+-------+-------++-------
 Cast: Magic Dart        |    44 |    55 ||    99
       Searing Ray       |     1 |     2 ||     3
  Eat: Chunk             |     1 |     4 ||     5
Armor: Robe              |     2 |     2 ||     4
Dodge: Dodged            |     9 |     1 ||    10
